[Event "Early-Titled-Tuesday-Blitz-October-17-2023"]
[Site "Chess.com"]
[Date "2023.10.17"]
[Round "5"]
[White "TigrVShlyape"]
[Black "karinachess1"]
[Result "1/2-1/2"]
[WhiteElo "2831"]
[BlackElo "2614"]
[TimeControl "180+1"]
[EndTime "8:58:03 PDT"]
[Termination "Game drawn by repetition"]

1. d4 Nf6 2. Bf4 e6 3. e3 b6 4.
Nf3 Nh5 5. Bg5 Be7 6. Bxe7 Qxe7 7.
c4 d6 8. Nc3 Nd7 9. Nd2 Nhf6 10.
Qf3 Rb8 11. Be2 Bb7 12. Qg3 O-O 13. O-O a6 14. Rfe1 e5 15. Bf3 Bxf3 16. Qxf3 Rfe8 17.
Nb3 e4 18. Qe2 Nf8 19. c5 b5 20. Na5 Qd7 21. b4 Ng6 22. a4 c6 23. axb5 axb5 24. d5 cxd5 25. c6 Qc7 26. Nxb5 Qb6 27. Nxd6 Re7 28.
Nf5 Ra7 29. Rec1 Ne5 30. Nd4 Nd3 31. Rd1 Nxb4 32. Nab3 Rxa1 33. Rxa1 Rc8 34. Rc1 Nd3 35. Rc2 h5 36. h3 g6 37. Rc3 Kg7 38. Qa2 Rc7 39. Qa5 Qxa5 40. Nxa5 Ne8 41. Nb5 Rc8 42. c7 Kf6 43. Nc6 Nxc7 44. Ncd4 Nxb5 45. Rxc8 Nxd4 46. exd4 Nf4 47. Kf1 Ne6 48. Rc6 Ke7 49. Ra6 Nxd4 50. Ra7+ Ke6 51. Ra6+ Ke5 52. Ra7 Ke6 53. Ra6+ Ke5 54.
Ra7 Ke6 1/2-1/2

[Event "Early-Titled-Tuesday-Blitz-October-17-2023"]
[Site "Chess.com"]
[Date "2023.10.17"]
[Round "5"]
[White "Sekar24"]
[Black "Mandaloriana19"]
[Result "0-1"]
[WhiteElo "2514"]
[BlackElo "2324"]
[TimeControl "180+1"]
[EndTime "8:58:03 PDT"]
[Termination "Mandaloriana19 won by resignation"]

1. e4 c5 2. Nf3 Nc6 3. d4 cxd4 4. Nxd4 g6 5. c4 Bg7 6. Be3 Nf6 7. Nc3 Ng4 8. Qxg4 Nxd4 9. Qd1 Ne6 10. Qd2 Qa5 11. Rc1 b6 12. Be2 Bb7 13. f3 d6 14. b3 g5 15. Nd5 Qxd2+ 16. Kxd2 h5 17. h4 f6 18. g3 Kf7 19. Bf1 Rag8 20. Bh3 Bh6 21. Bf1 g4 22. f4 Nc5 23. Bg2 e6 24. Nc3 f5 25.
Bd4 Bg7 26. Bxg7 Rxg7 27. Ke3 Rc8 28. Rc2 Kf6 29. Rd2 Rd7 30. Rhd1 Rcd8 31. Rxd6 Rxd6 32. e5+ Ke7 33. exd6+ Kd7 34. Bxb7 Nxb7 35. Kd4 Kxd6 36. Ke3+ Kc5 37. Rxd8 Nxd8 38. Nb5 a6 39. Nd4 b5 40.
cxb5 axb5 41. a3 Kb6 42. Kd3 Kc5 43. Kc3 Kb6 44. Kb4 Nc6+ 45. Nxc6 Kxc6 46. a4 bxa4 47.
bxa4 e5 48. fxe5 f4 49. a5 fxg3 50. a6 g2 51. a7 Kb7 52. e6 g1=Q 0-1

[Event "Early-Titled-Tuesday-Blitz-October-17-2023"]
[Site "Chess.com"]
[Date "2023.10.17"]
[Round "5"]
[White "destruyeabuelitas"]
[Black "ivana_999"]
[Result "1-0"]
[WhiteElo "2361"]
[BlackElo "2100"]
[TimeControl "180+1"]
[EndTime "8:58:03 PDT"]
[Termination "destruyeabuelitas won on time"]

1. e4 e6 2. d4 d5 3. Nd2 c5 4.
exd5 exd5 5. Ngf3 cxd4 6. Nxd4 Nc6 7. N2b3 Nf6 8. c3 Bd6 9. Bd3 h6 10. O-O O-O 11. Qf3 Ne5 12. Qe2 Re8 13. Qc2 Nxd3 14. Qxd3 Re4 15. h3 Bd7 16. Bd2 a5 17. Rae1 a4 18. Nc1 Bb8 19. Nce2 Nh5 20. f3 Qc7 21. fxe4 Qh2+ 22. Kf2 dxe4 23. Qxe4 Ng3 24. Qf3 Ra6 25.
Nxg3 Rf6 26. Ngf5 Ba7 27. Ke2 Bxd4 28. cxd4 Bxf5 29. Kd1 Qc7 30. Qc3 Rc6 31. Rxf5 Rxc3 32. Bxc3 Qg3 33. Re2 Kh7 34. Rfe5 Qg6 35. R5e3 Qb1+ 36.
Kd2 a3 37. bxa3 Qxa2+ 38. Ke1 Qxa3 39. d5 Qc1+ 40. Kf2 b5 41. d6 Qd1 42. Rd2 Qb3 43. d7 b4 44. d8=Q 1-0

[Event "Early-Titled-Tuesday-Blitz-October-17-2023"]
[Site "Chess.com"]
[Date "2023.10.17"]
[Round "5"]
[White "ajedrezhoy"]
[Black "dodoucb"]
[Result "0-1"]
[WhiteElo "2381"]
[BlackElo "2549"]
[TimeControl "180+1"]
[EndTime "8:58:05 PDT"]
[Termination "dodoucb won by checkmate"]

1. d4 Nf6 2. Nf3 e6 3. c4 Bb4+ 4. Bd2 Qe7 5. g3 b6 6. Bg2 Bb7 7.
O-O c5 8. dxc5 bxc5 9. Nc3 O-O 10. a3 Ba5 11. Nd5 exd5 12. Bxa5 dxc4 13. Nh4 Bxg2 14.
Kxg2 Nc6 15. Bc3 Rad8 16. e3 d5 17. Nf5 Qe4+ 18. Qf3 d4 19. Bd2 Qxf3+ 20. Kxf3 Rfe8 21. Rac1 g6 22. Nh4 Ne4 23. Rfd1 f5 24. Kg2 Ne5 25. Ba5 Rd7 26. Nf3 Nd3 27. Rc2 Ndxf2 28. Rxf2 Nxf2 29. Kxf2 Rxe3 30. Bd2 Rb3 31. Bc1 Re7 32. Nd2 Rd3 33. Rf1 c3 34. bxc3 Rxc3 35. Nf3 Rc2+ 36. Kg1 Ree2 37.
Bh6 d3 38. Ne1 Rc3 39. Nf3 c4 40. Rb1 Rb3 41. Rc1 Rc2 42. Rd1 Rbb2 43. Re1 Re2 44. Rc1 Rbc2 45. Rb1 c3 46. Ng5 Re8 47. Rb7 Re1# 0-1

[Event "Early-Titled-Tuesday-Blitz-October-17-2023"]
[Site "Chess.com"]
[Date "2023.10.17"]
[Round "5"]
[White "brm72"]
[Black "lefonghua"]
[Result "1-0"]
[WhiteElo "2530"]
[BlackElo "2653"]
[TimeControl "180+1"]
[EndTime "8:58:06 PDT"]
[Termination "brm72 won by resignation"]

1. e4 c5 2. Nf3 g6 3. d4 cxd4 4.
Nxd4 Bg7 5. c4 Nc6 6. Be3 Nf6 7. Nc3 O-O 8. Be2 d6 9. O-O Bd7 10. f3 Nxd4 11. Bxd4 a5 12. b3 Bc6 13. Rc1 Nd7 14. Bxg7 Kxg7 15. Qd4+ Kg8 16. Rfd1 Qb6 17. Kf2 Qxd4+ 18.
Rxd4 Nc5 19. Ke3 f5 20. Nd5 Bxd5 21. cxd5 fxe4 22. fxe4 b6 23. Rc3 Kg7 24. a3 Ra7 25. b4 axb4 26. axb4 Nd7 27. Rd1 Ne5 28. Rdc1 Ra4 29.
Rc7 Rxb4 30. Rxe7+ Rf7 31. Rxf7+ Nxf7 32. Rc7 Kf6 33. Rd7 Rb3+ 34. Kd4 Rb4+ 35. Ke3 h5 36. g4 hxg4 37. Bxg4 g5 38. Bh5 Ne5 39. Rxd6+ Kg7 40. Re6 Nc4+ 41. Kd4 Na5+ 42. Ke5 Rb2 43. Rg6+ Kf8 44.
h3 b5 45. Rxg5 b4 46. Ke6 Nb3 47. d6 Rd2 48. d7 Nd4+ 49. Kf6 Nc6 50. Bg4 b3 51.
Be6 Ne7 52. Rb5 Rf2+ 53. Ke5 Nc6+ 54. Kd6 Nd8 55. Rb8 b2 56. Rxd8+ Kg7 57. Rb8 Rd2+ 58. Ke7 1-0

[Event "Early-Titled-Tuesday-Blitz-October-17-2023"]
[Site "Chess.com"]
[Date "2023.10.17"]
[Round "5"]
[White "eljanov"]
[Black "Aswathchess"]
[Result "1/2-1/2"]
[WhiteElo "2861"]
[BlackElo "2658"]
[TimeControl "180+1"]
[EndTime "8:58:07 PDT"]
[Termination "Game drawn by agreement"]

1. d4 d5 2. Nf3 Nf6 3. Bf4 c5 4.
e3 Nc6 5. Nbd2 Nh5 6. dxc5 Nxf4 7. exf4 Qa5 8. c4 e6 9. a3 dxc4 10. Bxc4 Qxc5 11. O-O Be7 12. Rc1 Qd6 13. g3 O-O 14. Qe2 Nd4 15. Nxd4 Qxd4 16. Nf3 Qb6 17. Rfd1 Rd8 18. f5 Rxd1+ 19. Rxd1 Bf6 20. b4 h6 21. fxe6 Bxe6 22. Bxe6 fxe6 23. Qe4 Rf8 24. Rd7 Rf7 25.
Rxf7 Kxf7 26. a4 Qc6 27. Ne5+ Bxe5 28. Qxe5 Qxa4 29. Qc7+ Kf6 30. Qxb7 Qd1+ 31. Kg2 Qd5+ 32. Qxd5 exd5 33. Kf3 g5 34. Ke3 Ke5 35. f4+ gxf4+ 36. gxf4+ Kf5 37. Kd4 Kxf4 38. Kxd5 h5 39. Kc6 Ke5 40. Kb7 Kd5 41. Kxa7 Kc4 42. Kb6 Kxb4 43. h4 Kc4 44. Kc6 Kd4 45. Kd6 Ke4 46. Kc5 Ke5 47.
Kc4 Kf4 48. Kd4 Kg3 49. Ke3 Kxh4 50. Kf2 1/2-1/2

[Event "Early-Titled-Tuesday-Blitz-October-17-2023"]
[Site "Chess.com"]
[Date "2023.10.17"]
[Round "5"]
[White "K_A_S_T_O_R"]
[Black "Druid24"]
[Result "1-0"]
[WhiteElo "2875"]
[BlackElo "2740"]
[TimeControl "180+1"]
[EndTime "8:58:12 PDT"]
[Termination "K_A_S_T_O_R won on time"]

1. e4 g6 2. d4 Bg7 3. Nf3 d6 4. Bc4 c6 5. Bb3 Nf6 6. Qe2 O-O 7. e5 Nd5 8. h3 a5 9. a4 Na6 10.
O-O Bf5 11. Na3 Nab4 12. Rd1 Re8 13. c3 Na6 14. Nc4 Qd7 15. Nxa5 Nc5 16. dxc5 Rxa5 17. Bd2 Rxc5 18. c4 Nc7 19. Bb4 Qe6 20. Bxc5 dxc5 21. Re1 h5 22. Bc2 Bxc2 23. Qxc2 Bh6 24. Rad1 Na6 25.
b3 Nb4 26. Qe4 Kh8 27. g4 Na2 28. Rd3 Nb4 29. Rc3 Rg8 30. Kh2 Rd8 31. gxh5 gxh5 32.
Rg1 Na2 33. Rd3 Rxd3 34. Qxd3 Bf4+ 35. Kg2 Qc8 36. Qe4 Bh6 37. Kh2 Qe6 38. Ng5 Qg6 39. Qf4 Kg7 40. Ne6+ Kh8 41. Rxg6 Bxf4+ 42. Nxf4 fxg6 43. Nxg6+ Kg7 44. Nxe7 Kf7 45. Nc8 1-0

[Event "Early-Titled-Tuesday-Blitz-October-17-2023"]
[Site "Chess.com"]
[Date "2023.10.17"]
[Round "5"]
[White "Harry_Rakkel"]
[Black "adotand"]
[Result "1-0"]
[WhiteElo "2709"]
[BlackElo "2854"]
[TimeControl "180+1"]
[EndTime "8:58:12 PDT"]
[Termination "Harry_Rakkel won by resignation"]

1. e4 c5 2. Nf3 Nc6 3. d4 cxd4 4.
Nxd4 Nf6 5. Nc3 d6 6. Bg5 e6 7.
Qd2 a6 8. f3 Be7 9. O-O-O Nxd4 10.
Qxd4 b5 11. h4 Bb7 12. Kb1 O-O 13. Qd2 b4 14. Ne2 d5 15. e5 Nd7 16. f4 a5 17. Nd4 Nc5 18. Bd3 Qc7 19. g4 Rfc8 20.
Bxe7 Qxe7 21. Qe3 Ba6 22. f5 a4 23. Bxa6 Rxa6 24. g5 Ne4 25. f6 Qf8 26. Ne2 b3 27.
Rc1 bxa2+ 28. Kxa2 Rac6 29. Qa3 Rxc2 30. Qxf8+ Kxf8 31. Ka3 R8c4 32. Rxc2 Rxc2 33. Nd4 Rc4 34. Nb5 Ng3 35. Rd1 Nf5 36. h5 h6 37. g6 Rg4 38.
Rc1 Rc4 39. Rxc4 dxc4 40. Kxa4 Ng3 41. Nd6 fxg6 42. hxg6 h5 43. f7 h4 44. Nxc4 Ne4 45.
b4 h3 46. Nb6 Ke7 47. Nd7 h2 48. f8=Q+ Kxd7 49. Qf7+ Kd8 50. Qg8+ Kc7 51. Qxg7+ Kc6 52. Qh8 1-0

[Event "Early-Titled-Tuesday-Blitz-October-17-2023"]
[Site "Chess.com"]
[Date "2023.10.17"]
[Round "5"]
[White "ckgchess"]
[Black "SaqoChess_Twitch"]
[Result "1-0"]
[WhiteElo "2894"]
[BlackElo "2618"]
[TimeControl "180+1"]
[EndTime "8:58:12 PDT"]
[Termination "ckgchess won by resignation"]

1. e4 c5 2. c3 d5 3. exd5 Qxd5 4.
d4 Nf6 5. Nf3 Bg4 6. Be2 Nc6 7.
h3 Bh5 8. O-O e6 9. Be3 cxd4 10.
cxd4 Be7 11. Nc3 Qd6 12. Qb3 O-O 13. Rfd1 a6 14. d5 exd5 15. Nxd5 Nxd5 16. Rxd5 Qg6 17.
Bd3 Bxf3 18. Bxg6 Bxd5 19. Bxh7+ Kxh7 20. Qxd5 Bf6 21. Qd7 Bxb2 22. Rb1 Bf6 23. Rxb7 Ne5 24. Qf5+ Ng6 25. Bg5 Bxg5 26. Qxg5 Rae8 27. g3 Re6 28. h4 Ne5 29. Kg2 Kg8 30. Re7 Re8 31. Rxe8+ Rxe8 32. Qd2 Re6 33. Qd8+ Kh7 34. Qc7 Kg8 35. a4 g6 36.
f4 Ng4 37. Qd8+ Kg7 38. Qg5 Nf6 39. Kf3 Nh7 40. Qc5 Nf6 41. f5 gxf5 42. Qxf5 Nd7 43. Kg2 Nf6 44. Qg5+ Kf8 45. h5 Ng8 46. g4 Rf6 47.
Qc5+ Kg7 48. Qe5 Kh7 49. g5 Re6 50. Qf5+ Kg7 51. Kh3 Re7 52. h6+ Nxh6 53. gxh6+ Kxh6 54. Qf6+ Kh5 55. Qxe7 f6 56. Qg7 a5 57. Qg4+ Kh6 58.
Kh4 Kh7 59. Kh5 Kh8 60. Qg6 f5 61. Kh6 1-0

[Event "Early-Titled-Tuesday-Blitz-October-17-2023"]
[Site "Chess.com"]
[Date "2023.10.17"]
[Round "5"]
[White "vladislavkovalev"]
[Black "Nitzan_Steinberg"]
[Result "1-0"]
[WhiteElo "2874"]
[BlackElo "2843"]
[TimeControl "180+1"]
[EndTime "8:58:13 PDT"]
[Termination "vladislavkovalev won by resignation"]

1. e4 g6 2. d4 Bg7 3. Be3 c5 4. Nc3 cxd4 5. Bxd4 Bxd4 6. Qxd4 Nf6 7. e5 Nc6 8. Qf4 Nh5 9. Qe3 Ng7 10. O-O-O O-O 11. Nf3 d6 12. exd6 exd6 13. Qf4 Nh5 14. Qxd6 Bg4 15. Qxd8 Raxd8 16. Rxd8 Rxd8 17. Nd2 Nd4 18. h3 Be6 19. g3 Kg7 20. Bg2 b5 21. Nb3 b4 22.
Nxd4 Rxd4 23. Ne2 Rd6 24. b3 Ra6 25. Kb2 Rd6 26. Re1 Nf6 27. Nf4 Bd7 28. Nd3 a5 29. Re5 Bf5 30. Rxa5 Bxd3 31. cxd3 Rxd3 32. Kc2 Rc3+ 33.
Kd2 Rc8 34. Rb5 Rd8+ 35. Ke2 Re8+ 36. Kf1 Ne4 37. Bxe4 Rxe4 38. h4 h5 39. Kg2 Kf6 40. Kf3 Rd4 41. Ke3 Rg4 42. Rc5 Ke6 43. Rc4 Rxc4 44.
bxc4 Kd6 45. Kd4 Kc6 46. c5 Kb5 47. Kd5 Ka4 48. c6 Ka3 49. Kc4 Kxa2 50. Kxb4 1-0

[Event "Early-Titled-Tuesday-Blitz-October-17-2023"]
[Site "Chess.com"]
[Date "2023.10.17"]
[Round "5"]
[White "McCarthyStone"]
[Black "Ginzburg_Yakov"]
[Result "0-1"]
[WhiteElo "2384"]
[BlackElo "2554"]
[TimeControl "180+1"]
[EndTime "8:58:13 PDT"]
[Termination "Ginzburg_Yakov won by resignation"]

1. b3 e5 2. Bb2 f6 3. d4 d6 4. e3 Ne7 5. Bd3 Bf5 6. Bxf5 Nxf5 7. Qh5+ g6 8. Qf3 Nc6 9. g4 Nh4 10. Qg3 g5 11. Nd2 Qd7 12. O-O-O O-O-O 13. Ne2 Be7 14. Kb1 Kb8 15. d5 Nb4 16. Nc4 h5 17. h3 f5 18.
f4 exf4 19. exf4 Rh7 20. fxg5 Bxg5 21. gxh5 Rxh5 22. Nd4 f4 23. Qg4 Qh7 24. a3 Nxd5 25.
Ne6 Ne3 26. Nxe3 fxe3 27. Nxg5 Qg6 28. Ne6 Rg8 29. Nf4 Qxg4 30. hxg4 Rh7 31. Rdg1 b6 32. Bf6 Nf3 33. Rxh7 Nxg1 34. Rh1 Rxg4 35. Ne2 Nxe2 36. Bb2 Kb7 37. Re1 Rg2 38. Bd4 Nxd4 39. Rxe3 Nxc2 40. Rc3 Nxa3+ 0-1

[Event "Early-Titled-Tuesday-Blitz-October-17-2023"]
[Site "Chess.com"]
[Date "2023.10.17"]
[Round "5"]
[White "beccrajoy"]
[Black "zsoltkorpics"]
[Result "1/2-1/2"]
[WhiteElo "2013"]
[BlackElo "2326"]
[TimeControl "180+1"]
[EndTime "8:58:13 PDT"]
[Termination "Game drawn by repetition"]

1. e4 c5 2. Nf3 e6 3. d4 cxd4 4. Nxd4 Nc6 5. Nc3 Qc7 6. Be3 a6 7. Be2 Nf6 8. Qd2 Bb4 9. f3 d5 10. Nxc6 bxc6 11. exd5 cxd5 12. O-O-O Qa5 13. Bd4 Rb8 14. Qf4 Rb7 15. Rhe1 Bxc3 16. Bxc3 Qxa2 17. b3 Qa3+ 18. Bb2 Qe7 19. Bxa6 Rc7 20. Bb5+ Kf8 21.
Bxf6 gxf6 22. Rxd5 Qa3+ 23. Kd2 Qa5+ 24. b4 Rxc2+ 25.
Kxc2 Qa2+ 26. Kc3 Qxd5 27. Bc4 Qg5 28. Qd6+ Kg7 29. Qg3 Rd8 30. b5 Kf8 31. Qxg5 fxg5 32. Kb4 Rd2 33. b6 Rxg2 34. Kc5 Rxh2 35. Rd1 Ke7 36.
Bb5 Rc2+ 37. Bc4 Ba6 38. Rd4 Bxc4 39. Rxc4 Rb2 40. Rb4 Rc2+ 41. Rc4 Rb2 42. Rb4 Rc2+ 43. Rc4 1/2-1/2

[Event "Early-Titled-Tuesday-Blitz-October-17-2023"]
[Site "Chess.com"]
[Date "2023.10.17"]
[Round "5"]
[White "Ariadna_Atreides"]
[Black "JoliyRoger"]
[Result "0-1"]
[WhiteElo "2201"]
[BlackElo "2462"]
[TimeControl "180+1"]
[EndTime "8:58:15 PDT"]
[Termination "JoliyRoger won on time"]

1. d4 Nf6 2. Nf3 e6 3. e3 b6 4.
Bd3 Bb7 5. Nbd2 c5 6. O-O Nc6 7. b3 Be7 8. Bb2 O-O 9. c4 cxd4 10. Nxd4 Ne5 11. Bc2 d6 12. N2f3 Ng6 13. Ne2 a6 14. Ng3 Qc7 15. h4 Bxf3 16. Qxf3 Nxh4 17. Qe2 Ng6 18.
Rac1 Rfd8 19. Nh5 Nxh5 20. Qxh5 Qc5 21. Qe2 a5 22. g3 Rac8 23. Kg2 Qc6+ 24. f3 d5 25. cxd5 Qxd5 26. Bd4 Bc5 27. Be4 Qd6 28. Bxc5 Rxc5 29. Rfd1 Rxc1 30. Rxd6 Rxd6 31. f4 Rcd1 32. Qa6 R1d2+ 33. Kf3 Nf8 34. a4 g6 35. Qb7 Nd7 36. Qc8+ Kg7 37. Qc3+ Kg8 38. g4 Nc5 39. g5 Rd8 40.
Bc6 R2d6 41. Bb5 Rd2 42. Qf6 R2d5 43. Bc4 R5d6 44. Kg4 Re8 45. Qe5 Red8 46. Qf6 Rc8 47. Qe7 Rdd8 48. Qf6 Ne4 49. Qe7 Nd6 50. Bxe6 fxe6 51.
Qxe6+ Nf7 52. Qxb6 Rd5 0-1

[Event "Early-Titled-Tuesday-Blitz-October-17-2023"]
[Site "Chess.com"]
[Date "2023.10.17"]
[Round "5"]
[White "wqws"]
[Black "RobertoJBM"]
[Result "1-0"]
[WhiteElo "2649"]
[BlackElo "2790"]
[TimeControl "180+1"]
[EndTime "8:58:16 PDT"]
[Termination "wqws won by resignation"]

1. e4 c6 2. d4 d5 3. e5 Bf5 4. h4 Qb6 5. Nf3 e6 6. c3 c5 7. Nbd2 Nc6 8. Nb3 c4 9. Nbd2 Qc7 10. Be2 b5 11. Nf1 h6 12. Ne3 Be4 13. O-O Nge7 14. Nd2 Bh7 15. f4 Nf5 16. Nxf5 Bxf5 17.
Bg4 Bxg4 18. Qxg4 h5 19. Qg3 g6 20. Nf3 Bh6 21. Ng5 Ne7 22. Qf2 Bxg5 23. fxg5 Nf5 24. a4 b4 25. cxb4 Qb6 26. b5 Qxd4 27. Qxd4 Nxd4 28. Bd2 O-O 29. Bb4 Rfc8 30. Rad1 Nf5 31.
Rf4 d4 32. Rfxd4 Nxd4 33. Rxd4 Rd8 34. Rxc4 Rac8 35. Rxc8 Rxc8 36. b3 Rc1+ 37. Kf2 Rb1 38. Bc5 Rxb3 39. Bxa7 Kf8 40. b6 Ke8 41. a5 Kd7 42. a6 Kc6 43. b7 Kc7 44. Ke2 Rb5 45.
Kd3 Rb1 46. b8=Q+ Rxb8 47. Bxb8+ Kxb8 48. Kc4 1-0

[Event "Early-Titled-Tuesday-Blitz-October-17-2023"]
[Site "Chess.com"]
[Date "2023.10.17"]
[Round "5"]
[White "Iball95"]
[Black "Kostya0705"]
[Result "1-0"]
[WhiteElo "2821"]
[BlackElo "2641"]
[TimeControl "180+1"]
[EndTime "8:58:18 PDT"]
[Termination "Iball95 won by resignation"]

1. e4 c5 2. Nf3 e6 3. Nc3 Nc6 4.
d4 cxd4 5. Nxd4 Qc7 6. Nxc6 bxc6 7. Qf3 d5 8. Qg3 Qxg3 9. hxg3 Bb4 10. Bd2 Ne7 11. Bd3 Bb7 12. a3 Bd6 13. O-O-O c5 14. exd5 exd5 15. Rhe1 a6 16. Bf4 Kd7 17. Na4 Rae8 18.
b3 Bc6 19. Nb6+ Kc7 20. Bxd6+ Kxd6 21. Bxa6 Kc7 22. Na4 c4 23. Re3 Nf5 24. Rxe8 Rxe8 25. Nc3 Kb6 26. Nxd5+ Kxa6 27. Nc7+ Kb7 28. Nxe8 Bxe8 29.
g4 Nh6 30. f3 Kc7 31. Kb2 f5 32. g5 Nf7 33. f4 h6 34. gxh6 Nxh6 35. Kc3 cxb3 36. cxb3 Ng4 37. Kd4 Kd6 38. a4 Bf7 39.
b4 Nf6 40. g3 Ne4 41. g4 Nf2 42.
Rc1 fxg4 43. b5 g3 44. Rg1 Bb3 45. a5 Bf7 46. Rxg3 Be8 47. b6 g6 48. Rc3 Bc6 49. a6 Ne4 50. b7 1-0

[Event "Early-Titled-Tuesday-Blitz-October-17-2023"]
[Site "Chess.com"]
[Date "2023.10.17"]
[Round "5"]
[White "ChessQueen"]
[Black "MFatigue"]
[Result "0-1"]
[WhiteElo "2710"]
[BlackElo "2559"]
[TimeControl "180+1"]
[EndTime "8:58:18 PDT"]
[Termination "MFatigue won on time"]

1. e4 e6 2. d4 d5 3. exd5 exd5 4. Nf3 Nf6 5. Bd3 Bd6 6. O-O O-O 7. Bg5 h6 8. Bh4 Nc6 9. c3 g5 10. Bg3 Ne4 11.
Nbd2 f5 12. Bxd6 cxd6 13. Qb3 Be6 14. Qxb7 Na5 15. Qa6 g4 16. Bxe4 dxe4 17. Nh4 Qxh4 18. Qxa5 f4 19. Qc7 d5 20. Rfe1 Rf5 21. Nf1 Raf8 22. c4 e3 23. Re2 dxc4 24. fxe3 f3 25. Rf2 fxg2 26. Rxg2 Bd5 27. e4 Bxe4 28. Qxc4+ Bd5 29.
Qe2 Bxg2 30. Qxg2 Rf2 31. Qd5+ Kg7 32. Qe5+ Kh7 33. Qe4+ Kg7 34. Rc1 R2f4 35. Qe5+ Qf6 36. Rc7+ Rf7 37. Rxf7+ Kxf7 38. Qc7+ Kg6 39. Qc2+ Kg7 40.
Qc7+ Kg6 41. Qc2+ Kg5 42. Ne3 Qxd4 43. Qe2 Re4 44. Kf2 h5 45. Qb5+ Re5 46. Qe2 h4 47. b4 Qf4+ 48. Kg2 Qxe3 49. Qxe3+ Rxe3 0-1

[Event "Early-Titled-Tuesday-Blitz-October-17-2023"]
[Site "Chess.com"]
[Date "2023.10.17"]
[Round "5"]
[White "garicradomir"]
[Black "ural58"]
[Result "0-1"]
[WhiteElo "2311"]
[BlackElo "2534"]
[TimeControl "180+1"]
[EndTime "8:58:18 PDT"]
[Termination "ural58 won on time"]

1. e4 d5 2. exd5 Qxd5 3. Nc3 Qa5 4. d4 Nf6 5. Bc4 Nc6 6. Be3 Bg4 7. Qd2 O-O-O 8. h3 Be6 9. Bxe6+ fxe6 10. Nge2 e5 11. d5 e6 12. dxc6 Rxd2 13. cxb7+ Kxb7 14. Bxd2 Bc5 15. Ne4 Qb6 16. Nxc5+ Qxc5 17. O-O Nd5 18. Nc3 Rf8 19. Nxd5 exd5 20. c3 Kc6 21. Be3 Qb5 22.
b3 Qa6 23. Rfd1 Rd8 24. Rd2 Rd6 25. Rad1 h6 26. f3 g5 27. Bf2 Qa5 28. Rc1 Kd7 29.
Re2 e4 30. b4 Qa3 31. Rce1 Qxc3 32.
fxe4 Qxb4 33. e5 Re6 34. Rc1 c6 35. Rec2 Qa4 36. Rb2 Qa6 37. Rcb1 Rxe5 38. Bc5 Ke6 39. Rb7 Kf5 40. Rf1+ Kg6 41. Rbf7 Re6 42. Bf8 Qb6+ 43. Kh2 Qd4 44. g4 h5 45. Rg7+ Qxg7 46. Bxg7 Kxg7 47.
gxh5 c5 48. Rf5 Rd6 49. Rxg5+ Kh6 50. Rg8 d4 51. Kg3 d3 0-1

[Event "Early-Titled-Tuesday-Blitz-October-17-2023"]
[Site "Chess.com"]
[Date "2023.10.17"]
[Round "5"]
[White "azikom"]
[Black "topin8"]
[Result "1-0"]
[WhiteElo "2630"]
[BlackElo "2492"]
[TimeControl "180+1"]
[EndTime "8:58:24 PDT"]
[Termination "azikom won on time"]

1. c4 c5 2. Nc3 Nc6 3. g3 g6 4. Bg2 Bg7 5. d3 e5 6. h4 h6 7.
Nf3 d6 8. Nd2 Nge7 9. Nf1 Be6 10. Ne3 Rb8 11. Ned5 a6 12. b3 b5 13. Bd2 b4 14. Nxe7 Nxe7 15. Nd5 Nxd5 16. cxd5 Bd7 17. Rc1 O-O 18. O-O Qe7 19. e4 f5 20. f4 exf4 21.
Bxf4 Bd4+ 22. Kh1 g5 23. Bd2 f4 24. Qh5 Qg7 25. gxf4 g4 26. f5 Rf6 27. Rf4 Be8 28.
Qxg4 Qxg4 29. Rxg4+ Kh7 30. Rg3 Be5 31. Rh3 Bb5 32. Rf1 Rg8 33. Bf4 Bxf4 34. Rxf4 a5 35. Kh2 h5 36. Rf2 Kh6 37. Bf1 a4 38. Rg3 Rxg3 39.
Kxg3 a3 40. Kf4 Rf8 41. Rg2 Re8 42. Rg6+ Kh7 43. Rg5 Ba4 44. Be2 Bxb3 45. axb3 a2 46. Rg1 Ra8 47. Ra1 Kg7 48. Bxh5 Kf6 49. Bd1 Ra3 50.
h5 Ra8 51. h6 Ra7 52. Bh5 Ra8 53. Bg6 Ra7 54. h7 Ra8 55. Rxa2 Rh8 56. Ra6 Ke7 57. e5 1-0

[Event "Early-Titled-Tuesday-Blitz-October-17-2023"]
[Site "Chess.com"]
[Date "2023.10.17"]
[Round "5"]
[White "BJthechessgod"]
[Black "Truequitos"]
[Result "0-1"]
[WhiteElo "2379"]
[BlackElo "2513"]
[TimeControl "180+1"]
[EndTime "8:58:25 PDT"]
[Termination "Truequitos won by resignation"]

1. e4 c6 2. d4 d5 3. e5 c5 4.
dxc5 e6 5. Be3 Nd7 6. Nf3 Bxc5 7. Bxc5 Nxc5 8. c4 Qb6 9. Qd4 Ne7 10. Nc3 Nf5 11. Qd2 Ne4 12. Nxe4 dxe4 13. Ng5 e3 14.
fxe3 O-O 15. Bd3 Nxe3 16. Bxh7+ Kh8 17. Qe2 g6 18. h4 f6 19. Bxg6 Qb4+ 20. Kf2 fxg5+ 21.
Kxe3 Qb6+ 22. Kd2 Qd4+ 23. Kc2 g4 24. Rad1 Rf2 25. Rxd4 Rxe2+ 26. Kd3 Rxe5 27. Rd8+ Kg7 28. h5 Kh6 29. Rf1 b6 30. Rf7 Bb7 31. Rxa8 Bxa8 32. g3 Kg5 33. Rxa7 Bf3 34. b4 Re1 35. c5 Rd1+ 36.
Kc4 bxc5 37. bxc5 Rc1+ 38. Kb5 Be2+ 39. Kb6 Bf3 40. Re7 Rb1+ 41. Kc7 Rc1 42. Kd6 Bd5 43. Rf7 Ra1 44. a4 Rxa4 45. c6 Ra6 46. Rc7 Bf3 47.
Rc8 e5 48. Kxe5 Rxc6 49. Rxc6 Bxc6 50. Be8 Bxe8 51. Ke6 Bxh5 52. Ke5 Bg6 53. Kd4 Kf5 54. Kd5 Kf6 55. Kd4 Kf5 56. Ke3 Ke5 57. Ke2 Ke4 58. Kf2 Kd3 0-1

[Event "Early-Titled-Tuesday-Blitz-October-17-2023"]
[Site "Chess.com"]
[Date "2023.10.17"]
[Round "5"]
[White "Andrei_Skvortsov"]
[Black "Beca95"]
[Result "0-1"]
[WhiteElo "2662"]
[BlackElo "2913"]
[TimeControl "180+1"]
[EndTime "8:58:27 PDT"]
[Termination "Beca95 won by resignation"]

1. e4 e5 2. d4 exd4 3. Qxd4 Nc6 4. Qd3 Nf6 5. Nc3 d5 6. Nxd5 Nxd5 7. Qxd5 Qxd5 8.
exd5 Nb4 9. Bb5+ Bd7 10. Bxd7+ Kxd7 11. Kd1 Nxd5 12. Nf3 f6 13. c4 Nb6 14. b3 Bc5 15. Rf1 Rhe8 16. Ne1 Rad8 17. Bd2 Kc8 18. Kc2 Re2 19. Nd3 Bb4 20. Rad1 a5 21. Rfe1 Rxe1 22. Bxe1 Bxe1 23. Rxe1 Nd7 24. Re7 Rg8 25. Nf4 h6 26.
Ne6 g6 27. Kc3 c6 28. f3 h5 29. a3 g5 30. g3 Ne5 31. Nd4 h4 32. gxh4 gxh4 33.
Rh7 c5 34. Nb5 Nxf3 35. Nd6+ Kb8 36. Nxb7 Rg2 37. Nxc5 Rxh2 38. Nd7+ Kc8 39. Nxf6 Rh3 40. Rh8+ Kb7 41. Nd5 Rh1 42. b4 h3 43. Rh7+ Kb8 44.
bxa5 h2 45. a6 Rb1 46. Ne7 h1=Q 47. Nc6+ Kc8 48. Ne7+ Kd7 49. Rxh1 Rxh1 50. a7 Rh8 51. Nd5 Kc6 52. a4 Kb7 53. Kb4 Kxa7 54. Kb5 Rb8+ 55.
Kc5 Rc8+ 56. Kb5 Nd4+ 57. Kb4 Nc6+ 58. Kb5 Kb7 59. Nb6 Na7+ 60. Ka5 Rc5+ 0-1

[Event "Early-Titled-Tuesday-Blitz-October-17-2023"]
[Site "Chess.com"]
[Date "2023.10.17"]
[Round "5"]
[White "pineapplepenn"]
[Black "BeautiFullMindChess"]
[Result "0-1"]
[WhiteElo "2404"]
[BlackElo "2271"]
[TimeControl "180+1"]
[EndTime "8:58:27 PDT"]
[Termination "BeautiFullMindChess won on time"]

1. d4 Nf6 2. Bf4 e6 3. e3 d5 4.
Nf3 Bd6 5. Bg3 O-O 6. Nbd2 c5 7. c3 Qc7 8. dxc5 Qxc5 9. Bd3 Bxg3 10. hxg3 Nc6 11. g4 g6 12. g5 Ne8 13. Qe2 e5 14. e4 d4 15. Nb3 Qb6 16. cxd4 exd4 17. Nfd2 Nd6 18. f4 Nb4 19. a3 Bg4 20. Qxg4 Nxd3+ 21. Kf1 Nc4 22. Qh3 Ne3+ 23. Kg1 h5 24. gxh6 Nxf4 25. h7+ Kh8 26. Qf3 Nh5 27. Re1 Nc2 28. Rf1 d3+ 29. Rf2 Rad8 30. g4 Ng7 31. Kg2 Ne3+ 32.
Kg3 Qd6+ 33. Qf4 Qxf4+ 34. Kxf4 Nc2 35. Rh3 Ne6+ 36. Ke5 Kg7 37. Rff3 Rfe8 38. h8=Q+ Rxh8 39. Rxd3 Rxd3 40. Rxd3 Re8 41. Kd5 Nf4+ 42. Kc4 Nxd3 43. Kxd3 Ne1+ 44. Ke2 Ng2 45. Kf3 Nh4+ 46. Kg3 g5 47.
Nd4 Kg6 48. N2b3 Rd8 0-1

[Event "Early-Titled-Tuesday-Blitz-October-17-2023"]
[Site "Chess.com"]
[Date "2023.10.17"]
[Round "5"]
[White "suyu28"]
[Black "ProfessorChess101"]
[Result "1-0"]
[WhiteElo "2734"]
[BlackElo "2563"]
[TimeControl "180+1"]
[EndTime "8:58:28 PDT"]
[Termination "suyu28 won by resignation"]

1. e4 e5 2. Nf3 Nc6 3. Bb5 a6 4. Ba4 b5 5. Bb3 Na5 6. O-O d6 7. d4 exd4 8. Qxd4 Nf6 9. e5 Nxb3 10. axb3 dxe5 11. Qxd8+ Kxd8 12. Nxe5 Be6 13. Nc3 Bd6 14.
Bf4 Kc8 15. Nxb5 Nh5 16. Nxd6+ cxd6 17. Nd3 Nxf4 18. Nxf4 Bf5 19. c3 Kb7 20. Rfd1 Rad8 21. f3 Rhe8 22. Kf2 Re5 23. Rd2 g5 24. Ne2 h5 25. Rad1 Kc7 26. Nd4 h4 27. Nxf5 Rxf5 28.
Rd5 Rxd5 29. Rxd5 f6 30. b4 Re8 31. Ra5 Kb6 32. Rf5 Re6 33. h3 Kc6 34. f4 d5 35.
fxg5 fxg5 36. Rxg5 Rh6 37. Ke3 Re6+ 38. Kd3 Rf6 39.
Rg4 Rf2 40. b3 Kb6 41. Kd4 Rd2+ 42. Ke5 Rd3 43. Rxh4 Rxc3 44. Rg4 Rd3 45. h4 Kc6 46. h5 Re3+ 47. Kf6 Re4 48. Rg3 Rh4 49. Kg5 Rh1 50.
Rh3 d4 51. Rxh1 1-0